cohdb
Replays
Latest Replays
All Replays
Popular Replays
Top Player Replays
Match Explorer
How It Works
Community
CoH3 Stats
Reddit
Sign in to upload your games and track your stats! →
Sign in with Steam
Match 41159304
Unlisted
Match 41159304
Overview
Messages
Build Orders
End
Royal Engineer Section
Selects Indian Artillery Battlegroup
Construct Section Command Post
Infantry Section
Dingo Light Scout Car
Infantry Section
Selects Towed ML 4.2-inch Heavy Mortar
Grenade Package
Construct Platoon Command Post
Towed ML 4.2-inch Heavy Mortar
6-pounder Anti-tank Gun Team
Unlock Bishop Self-propelled Artillery
Infantry Section
Bishop Self-propelled Artillery
Selects Off-map Airburst Barrage
Royal Engineer Section
Infantry Training
Construct Company Command Post
Matilda II Heavy Tank
Off-map Airburst Barrage
Carlson John
Timothy McWhiskers
Billz
TidaL
RECACE
조영
0
0
Comments
sign in to comment!
No comments posted yet!